 Dungeon Crawl Stone Soup version 0.26-a0-259-g1effd001a9 (webtiles) character file.

Game seed: 1327671193298202106

22382 HoaS the Brawler (level 12, -2/84 HPs)
             Began as a Gargoyle Gladiator on July 13, 2020.
             Was an Elder of Makhleb.
             Slain by a swamp worm (14 damage)
             ... on level 2 of the Lair of Beasts.
             The game lasted 00:27:38 (11074 turns).

HoaS the Brawler (Gargoyle Gladiator)              Turns: 11074, Time: 00:27:39

Health: -2/84      AC: 24    Str: 23    XL:     12   Next: 99%
Magic:  12/12      EV:  7    Int:  9    God:    Makhleb [****..]
Gold:   558        SH:  5    Dex: 11    Spells: 11/11 levels left

rFire    . . .     SeeInvis .     - Unarmed
rCold    . . .     Faith    .   (no shield)
rNeg     + . .     Spirit   .   v - +0 plate armour
rPois    ∞         Reflect  +   w - +1 helmet
rElec    +         Harm     .   a - +0 cloak
rCorr    .                      g - +0 pair of gloves
MR       .....                  u - +1 pair of boots (curse)
Stlth    ..........             f - amulet of reflection
HPRegen  0.24/turn              (no ring)
MPRegen  0.13/turn              (no ring)

@: no status effects
A: negative energy resistance 1, electricity resistance, unbreathing,
petrification resistance, rot immunity, AC +8
a: Minor Destruction, Lesser Servant of Makhleb, Major Destruction, Renounce
Religion


You were on level 2 of the Lair of Beasts.
You worshipped Makhleb.
Makhleb was greatly pleased with you.
You were not hungry.

You visited 3 branches of the dungeon, and saw 13 of its levels.

You collected 679 gold pieces.
You spent 121 gold pieces at shops.

Inventory:

Missiles
 c - 5 throwing nets (quivered)
 o - 27 poisoned darts
 p - 10 boomerangs
Armour
 a - a +0 cloak (worn)
 g - a +0 pair of gloves (worn)
 u - a cursed +1 pair of boots (worn)
 v - a +0 plate armour (worn)
 w - a +1 helmet (worn)
Jewellery
 f - an amulet of reflection (around neck)
Wands
 t - a wand of iceblast (17)
 y - a wand of disintegration (8)
 E - a wand of paralysis (9)
 F - a wand of flame (41)
Scrolls
 e - 2 scrolls of blinking
 j - a scroll of identify
 q - a scroll of fear
 r - 5 scrolls of teleportation
 x - 2 scrolls of remove curse
 D - a scroll of fog
Potions
 b - a potion of lignification {unknown}
 h - a potion of berserk rage {unknown}
 i - a potion of heal wounds
 k - 2 potions of mutation
 l - a potion of stabbing {unknown}
 m - 3 potions of might
 n - 2 potions of flight
 s - 2 potions of invisibility
 z - 4 potions of curing
 A - a potion of brilliance {unknown}
 B - a potion of magic {unknown}
 C - 2 potions of haste {unknown}
Comestibles
 d - 51 rations


   Skills:
 + Level 13.3 Fighting
 - Level 1.7 Throwing
 - Level 2.4 Dodging
 * Level 16.6 Unarmed Combat


You had 11 spell levels left.
You didn't know any spells.
Your spell library contained the following spells:

 Spells                   Type           Power        Failure   Level
 Beastly Appendage        Tmut           #.....       100%        1
 Sticks to Snakes         Tmut           #.......     100%        2
 Confusing Touch          Hex            #.......     100%        3
 Gell's Gravitas          Tloc           #.........   100%        3
 Spider Form              Tmut/Pois      #.........   100%        3
 Ice Form                 Ice/Tmut       #.......     100%        4
 Petrify                  Tmut/Erth      #.......     100%        4
 Blade Hands              Tmut           #.........   100%        5
 Metabolic Englaciation   Hex/Ice        #.........   100%        5
 Yara's Violent Unravell  Hex/Tmut       #.........   100%        5


Dungeon Overview and Level Annotations

Branches:
Dungeon (10/15)            Temple (1/1) D:6            Lair (2/6) D:9
  Snake (0/4) Lair:2          Orc (0/2) D:10
  Swamp: Lair:2-4    Shoals: Lair:2-4

Altars:
Ashenzari
Cheibriados
Dithmenos
Elyvilon
Fedhas
Gozag
Hepliaklqana
Kikubaaqudgha
Makhleb
Nemelex Xobeh
Okawaru
Qazlal
Ru
Sif Muna
Trog
Uskayaw
Vehumet
Wu Jian
Xom
Yredelemnul
Zin
The Shining One

Shops:
D:4 [   D:6 ?


Innate Abilities, Weirdness & Mutations

You are resistant to torment.
Your stone body is resilient. (AC +8)
You are immune to poison.
You resist negative energy. (rN+)
You are resistant to electric shocks. (rElec)
You can survive without breathing.
You are immune to petrification.
You are immune to rotting.


Message History

You kill the swamp worm!
Makhleb accepts your kill.
You feel better.
The swamp worm bites you but does no damage.
The swamp worm bites you!
You feel yourself speed up. The swamp worm bites you! The swamp worm bites you.
The swamp worm bites you but does no damage. x2
You see here a swamp worm corpse.
You barely miss the swamp worm. The swamp worm bites you!
* * * LOW HITPOINT WARNING * * *
You block the swamp worm's attack.
You pummel the swamp worm!! Your punch misses the swamp worm.
The swamp worm is severely wounded.
The swamp worm bites you but does no damage.
The swamp worm closely misses you.
You hit the swamp worm.
The swamp worm is severely wounded.
The swamp worm bites you!
You die...

#.##..... ...... #........
....... ##........ .......
#................. #......
#.................
♣...#..##.................
.....P...................
♣♣♣♣♣♣♣♣♣....w<...............
≈≈≈≈≈≈≈≈♣♣♣..@..).............
...........⌠.w................
.♣...♣.....⌠..................
≈≈≈≈≈≈≈≈♣♣♣...#..............P
♣♣♣♣♣♣♣♣♣....#.##........#....
♣♣......##.### .##.>.#.#....
#........#### ## ###.#.....
..........## #####.## #......
...........###.....P## #......


You could see 2 swamp worms.

Vanquished Creatures
  Josephine (D:10)
  3 hydras
  Harold (D:9)
  A death yak (Lair:2)
  Maurice (D:10)
  3 cane toads
  A torpor snail (Lair:2)
  2 komodo dragons (Lair:1)
  A merfolk (D:9)
  A bog body (Lair:2)
  8 blink frogs
  4 hippogriffs
  5 wraiths (D:10)
  Grum (D:10)
  32 yaks
  A basilisk (Lair:1)
  3 wargs (D:10)
  A swamp worm (Lair:2)
  A water moccasin (Lair:1)
  5 porcupines
  A hornet zombie (D:9)
  A sky beast (D:6)
  An eye of draining (D:9)
  2 black bears
  5 ice beasts
  A phantom (D:5)
  4 orc warriors
  An ogre (D:5)
  14 wolves
  3 centaurs
  6 crocodiles
  9 bullfrogs
  2 gnoll sergeants
  2 wyvern skeletons (D:7)
  A water moccasin zombie (D:10)
  6 scorpions
  5 killer bees (D:9)
  14 wights
  8 howler monkeys
  A quasit (D:8)
  6 hounds
  3 jellies
  2 bullfrog skeletons
  2 orc priests
  A centaur skeleton (D:5)
  2 iguanas
  Jessica (D:3)
  6 worker ants
  9 orc wizards
  Natasha (D:2)
  A killer bee zombie (D:5)
  2 hound zombies
  A hound skeleton (D:4)
  A mummy (D:6)
  16 gnolls
  A howler monkey skeleton (D:5)
  18 adders
  3 shadow imps
  4 white imps
  3 ufetubi
  An adder zombie (D:9)
  2 adder skeletons
  3 worms (D:2)
  A dart slug (D:2)
  5 leopard geckos
  24 orcs
  5 bats
  3 giant cockroaches
  6 goblins
  4 hobgoblins
  4 jackals (D:7)
  3 quokkas
  4 ball pythons
  8 frilled lizards
  A goblin zombie (D:6)
  12 kobolds
  3 leopard gecko skeletons
  An orc zombie (D:6)
  3 quokka skeletons
  5 rats
344 creatures vanquished.

Vanquished Creatures (others)
  14 fungi
  4 plants (D:9)
18 creatures vanquished.

Grand Total: 362 creatures vanquished

Notes
Turn   | Place    | Note
-------+----------+-------------------------------------------
     0 | D:1      | HoaS the Gargoyle Gladiator began the quest for the Orb.
     0 | D:1      | Reached XP level 1. HP: 12/12 MP: 1/1
   357 | D:1      | You fall into a shaft and drop 1 floor!
   370 | D:2      | Reached XP level 2. HP: 18/18 MP: 2/2
   923 | D:2      | Noticed Natasha
   926 | D:2      | Noticed a crimson imp
   933 | D:2      | Noticed a crimson imp
   942 | D:2      | Killed Natasha
   942 | D:2      | Reached skill level 4 in Unarmed Combat
   942 | D:2      | Reached XP level 3. HP: 16/23 MP: 3/3
  1135 | D:2      | Reached XP level 4. HP: 25/28 MP: 4/4
  1478 | D:3      | Noticed Jessica
  1491 | D:3      | Killed Jessica
  1502 | D:3      | Found a faded altar of an unknown god.
  1542 | D:3      | Reached XP level 5. HP: 32/32 MP: 5/5
  1552 | D:3      | Reached skill level 5 in Unarmed Combat
  1600 | D:3      | Found a stormy altar of Qazlal.
  1601 | D:3      | Noticed a fire elemental
  1601 | D:3      | Noticed a water elemental
  1601 | D:3      | Noticed an air elemental
  2145 | D:4      | Found Inueg's Antique Armour Shop.
  2175 | D:4      | Bought a cloak for 121 gold pieces
  2189 | D:4      | Reached XP level 6. HP: 38/38 MP: 6/6
  2259 | D:4      | Reached skill level 6 in Unarmed Combat
  3111 | D:5      | Entered Level 5 of the Dungeon
  3140 | D:5      | Noticed a phantom
  3169 | D:5      | Killed a phantom
  3169 | D:5      | Reached XP level 7. HP: 35/44 MP: 7/7
  3216 | D:5      | Reached skill level 5 in Fighting
  3336 | D:5      | Reached skill level 7 in Unarmed Combat
  3716 | D:5      | Reached XP level 8. HP: 51/51 MP: 8/8
  3805 | D:6      | Found Pytten Nee's Magic Scroll Boutique.
  4032 | D:5      | Reached skill level 8 in Unarmed Combat
  4570 | D:6      | Reached skill level 9 in Unarmed Combat
  4631 | D:6      | Found a staircase to the Ecumenical Temple.
  5213 | D:6      | Reached XP level 9. HP: 57/57 MP: 9/9
  5333 | D:7      | Reached skill level 10 in Unarmed Combat
  6124 | Temple   | Entered the Ecumenical Temple
  6305 | Temple   | Became a worshipper of Makhleb the Destroyer
  6606 | D:8      | Reached skill level 11 in Unarmed Combat
  6744 | D:8      | Reached XP level 10. HP: 65/66 MP: 10/10
  7123 | D:9      | Noticed Harold
  7149 | D:9      | Killed Harold
  7149 | D:9      | Reached skill level 12 in Unarmed Combat
  7383 | D:9      | Reached * piety under Makhleb
  7715 | D:9      | Reached skill level 10 in Fighting
  8132 | D:9      | Found a staircase to the Lair.
  8448 | D:9      | Reached ** piety under Makhleb
  8453 | D:9      | Reached skill level 13 in Unarmed Combat
  8691 | D:10     | Entered Level 10 of the Dungeon
  8719 | D:10     | Noticed Maurice
  8745 | D:10     | Killed Maurice
  8759 | D:10     | Reached XP level 11. HP: 43/73 MP: 11/11
  8976 | D:10     | Noticed Josephine
  9012 | D:10     | Killed Josephine
  9124 | D:10     | Found a staircase to the Orcish Mines.
  9141 | D:10     | Reached skill level 14 in Unarmed Combat
  9274 | D:10     | Reached *** piety under Makhleb
  9304 | D:10     | Noticed Grum
  9339 | D:10     | Killed Grum
  9655 | Lair:1   | Entered Level 1 of the Lair of Beasts
  9738 | Lair:1   | Reached XP level 12. HP: 81/81 MP: 12/12
  9743 | Lair:1   | Reached skill level 15 in Unarmed Combat
  9866 | Lair:1   | Reached **** piety under Makhleb
  9901 | Lair:1   | Noticed an eight-headed hydra
  9942 | Lair:1   | Killed an eight-headed hydra
 10722 | Lair:2   | Reached skill level 16 in Unarmed Combat
 10731 | Lair:2   | Noticed a seven-headed hydra
 10743 | Lair:2   | Killed a seven-headed hydra
 10803 | Lair:2   | Noticed a seven-headed hydra
 10813 | Lair:2   | Killed a seven-headed hydra
 10897 | Lair:2   | Found a burning altar of Makhleb.
 10916 | Lair:2   | Noticed a death yak
 10946 | Lair:2   | Killed a death yak
 11008 | Lair:2   | Found a staircase to the Snake Pit.
 11074 | Lair:2   | Slain by a swamp worm

Illustrated notes

Levels and vault maps discovered:
D:1:      mushboom_english_gardens, layout_basic
D:2:      layout_basic, minmay_close_crescents, uniq_natasha
D:3:      layout_rooms, nicolae_qazlal_style_of_elements,
          chequers_ecumenical_altar_island, chequers_serial_rivers_small_a,
          uniq_jessica
D:4:      layout_basic, serial_shops, shop
D:5:      layout_loops_cross, first_ration, feat_on_display
D:6:      minmay_thinvault, layout_basic, temple_hall,
          nicolae_ossuary_entry_giza, serial_shops, shop
D:7:      layout_loops_cross, grunt_ministairs_9
D:8:      layout_basic
D:9:      layout_loops_corners, grunt_lair_entry_orc_guard_hut,
          hangedman_fish_farm, uniq_harold
D:10:     layout_roguey, minmay_orc_entry_guard_dogs, uniq_maurice,
          uniq_josephine, uniq_grum
Temple:   kilobyte_greek_temple
Lair:1:   layout_misc_corridors, chequers_serial_rivers_small_3,
          beast_lair_carwin_2, grunt_megastairs_4, lemuel_fruit_fields
Lair:2:   layout_cave_pods, nicolae_swamp_entry_splash_gauntlet,
          dummy_snake_entry, basic_altar, lemuel_fruit_fields,
          serial_bayou_shore_b, lemuel_fruit_tree, minmay_lair_oklob_chamber

Skill      XL: |  1  2  3  4  5  6  7  8  9 10 11 12 |
---------------+-------------------------------------+-----
Fighting       | 3 4 5 7 9 10 12 13 | 13.3
Unarmed Combat | 4 5 6 7 9 11 13 14 16 | 16.6
Throwing       | |  1.7
Dodging        | |  2.4

Action                   |  1- 3 |  4- 6 |  7- 9 | 10-12 || total
-------------------------+-------+-------+-------+-------++-------
Melee: Unarmed           |   124 |   218 |   506 |   788 ||  1636
       Punch             |     2 |     1 |    18 |    38 ||    59
Throw: Dart              |       |       |     4 |       ||     4
       Throwing net      |       |       |     2 |     1 ||     3
  Use: Scroll            |     4 |     7 |     1 |     8 ||    20
       Potion            |       |       |       |     3 ||     3
 Stab: Held in net/web   |       |       |     1 |     2 ||     3
  Eat: Ration            |       |     2 |     3 |     4 ||     9
Armor: Leather armour    |     6 |       |       |       ||     6
       Ring mail         |    47 |     7 |       |       ||    54
       Scale mail        |       |    33 |       |       ||    33
       Chain mail        |       |    72 |   138 |       ||   210
       Plate armour      |       |       |    86 |   563 ||   649
Dodge: Dodged            |    74 |    80 |   142 |   236 ||   532
Block: Other             |    26 |    44 |    79 |   175 ||   324
       Reflection        |       |     2 |     2 |     2 ||     6

Table legend:
 A = Non-vault XP
 B = Vault XP
 C = Vault XP percentage of total XP
 D = Non-vault monster count
 E = Vault monster count
 F = Vault count percentage of total count
                 A         B        C        D         E       F
            +---------+---------+-------+---------+---------+-------
      Total |   23997 |    7978 |  25.0 |     292 |      52 |  15.1
            +---------+---------+-------+---------+---------+-------
        D:1 |      20 |       0 |   0.0 |      13 |       0 |   0.0
        D:2 |      51 |      44 |  46.3 |      20 |       4 |  16.7
        D:3 |     148 |      37 |  20.0 |      21 |       1 |   4.5
        D:4 |     230 |       0 |   0.0 |      14 |       0 |   0.0
        D:5 |     907 |       0 |   0.0 |      26 |       0 |   0.0
        D:6 |     586 |     330 |  36.0 |      16 |      13 |  44.8
        D:7 |    1317 |      49 |   3.6 |      29 |       4 |  12.1
        D:8 |    1053 |       0 |   0.0 |      21 |       0 |   0.0
        D:9 |    2022 |    1778 |  46.8 |      39 |       6 |  13.3
       D:10 |    4350 |    3623 |  45.4 |      40 |      14 |  25.9
     Lair:1 |    6891 |    1695 |  19.7 |      34 |       8 |  19.0
     Lair:2 |    6422 |     422 |   6.2 |      19 |       2 |   9.5
            +---------+---------+-------+---------+---------+-------
